 Dungeon Crawl Stone Soup version 0.31.0-32-g396128a36d (webtiles) character file.

Game seed: 14222255857340059947

4575 tizbic2 the Fighter (level 10, -16/166 HPs)
             Began as an Oni Berserker on Mar 21, 2024.
             Was an Elder of Trog.
             Killed from afar by a deep elf pyromancer (32 damage)
             ... with a bolt of fire
             ... on level 7 of the Dungeon.
             The game lasted 00:20:40 (5220 turns).

tizbic2 the Fighter (Oni Berserker)                 Turns: 5220, Time: 00:20:40

Health: -16/166    AC: 11    Str: 26    XL:     10   Next: 41%
Magic:  10/10      EV: 10    Int: 12    God:    Trog [****..]
Gold:   437        SH:  0    Dex:  7    Spells: 9/9 levels left

rFire   . . .        q - +3 lajatang (elec)
rCold   . . .        (shield currently unavailable)
rNeg    . . .        d - +2 troll leather armour {Pargi}
rPois   .            (helmet restricted)
rElec   .            C - +0 cloak
rCorr   +            (gloves unavailable)
SInv    .            (boots unavailable)
Will    ++...        (no amulet) Stlth
                     k - ring of resist corrosion
HPRegen 1.27/turn    y - ring of willpower
MPRegen 0.12/turn

%: no passive effects
@: berserking, lethally poisoned (-16 -> -16), very quick
A: large, unfitting armour, horns 1, tough skin 1, double potion healing,
drunken brawling, iridescent scales 2, clever 1
a: Renounce Religion, Berserk, Trog's Hand, Brothers in Arms


You were on level 7 of the Dungeon.
You worshipped Trog.
Trog was greatly pleased with you.
You visited 1 branch of the dungeon, and saw 7 of its levels.
You also visited: Sewer.

You collected 437 gold pieces.

Inventory:

Hand Weapons
 a - a +0 mace
 c - a +1 antimagic whip
 q - a +3 lajatang of electrocution (weapon)
 s - a +0 giant spiked club
Missiles
 f - 57 stones
 g - 2 throwing nets
 m - 7 atropa-tipped darts
 n - 10 poisoned darts (quivered)
 u - 2 curare-tipped darts
 v - 5 boomerangs
Armour
 d - a +2 troll leather armour (worn) {Pargi}
 o - the +0 robe of Icveh {Str+3 Archmagi}
   (You found it on level 3 of the Dungeon)

   Str+3:     It affects your strength (+3).
   Archmagi:  It increases the power of your magical spells.
 C - a +0 cloak (worn)
Jewellery
 k - a ring of resist corrosion (left hand)
 t - a +6 ring of intelligence
 y - a ring of willpower (right hand)
Wands
 l - a wand of mindburst (18)
Scrolls
 e - a scroll of summoning
 h - 3 scrolls of amnesia
 p - 3 scrolls of identify
 x - 2 scrolls of teleportation
 z - a scroll of immolation
Potions
 b - 2 potions of berserk rage {unknown}
 i - a potion of mutation
 j - 3 potions of haste
 r - a potion of magic {unknown}
 w - a potion of degeneration {unknown}
 A - a potion of attraction {unknown}
 B - a potion of ambrosia {unknown}


   Skills:
 + Level 10.6 Fighting
 - Level 6.1(8.4) Maces & Flails
 * Level 9.0(9.8) Staves
 + Level 7.4 Dodging


You had 9 spell levels left.
You didn't know any spells.
Your spell library was empty.

Dungeon Overview and Level Annotations

Branches:
Dungeon (7/15)             Temple (0/1) D:7           Sewer (visited)

Altars:
Dithmenos
Elyvilon
Hepliaklqana
Nemelex Xobeh
Okawaru
Wu Jian
Xom
Yredelemnul
Zin

Shops:
D:1 *   D:2 =   D:5 *   D:6 =

Annotations:
D:4 2 runed translucent doors


Innate Abilities, Weirdness & Mutations

You are too large for most types of armour.
You have a pair of small horns on your head.
You have tough skin. (AC +1)
You gain doubled healing and magic from potions.
Whenever you drink a healing potion, you attack all around you.
You are mostly covered in iridescent scales. (AC +4)
Your mind is acute. (Int +4, Str/Dex -1)


Message History

The water moccasin closely misses you.
You miss the water moccasin.
The water moccasin is moderately wounded.
You feel sick.
You miss the water moccasin.
Your headbutt misses the water moccasin.
The water moccasin is moderately wounded.
You feel sick.
The water moccasin bites you but does no damage.
The two-headed ogre hits you with a +0 giant club!
The two-headed ogre hits you with a +0 giant club!!
* * * LOW HITPOINT WARNING * * *
You slice the water moccasin!!
Lightning courses through the water moccasin!
You feel the power of Trog in you as your rage grows.
You kill the water moccasin!
Trog accepts your kill.
You feel sick.
Your Staves skill increases to level 9!
You feel sick.
The deep elf pyromancer hits you but does no damage.
The two-headed ogre barely misses you.
The two-headed ogre hits you with a +0 giant club!
* * * LOW HITPOINT WARNING * * *
Things that are here:
a black potion; a water moccasin corpse You slash the two-headed ogre!
The two-headed ogre is moderately wounded.
You feel sick.
The deep elf pyromancer hits you but does no damage.
You hit the two-headed ogre.
Your headbutt misses the two-headed ogre.
The two-headed ogre is heavily wounded.
You feel sick.
You slash the two-headed ogre!
The two-headed ogre is severely wounded.
You feel sick.
The deep elf pyromancer points at you and mumbles some strange words.
The bolt of fire hits you!!
You die...

........# #............#
#..#
.#......###.#.##.......####
#..#
..............#####.......#
#.)## .##.....###.###
##.......# #....
.##.........# #........#
#.### .###..#######
##################
.>..........
#$[$#.....#.....#.
.###..######
#e:.#.....#.....#. .# #..#
#@O:#..#..#.)#..#. .# #..#
#'###..#..#))#..#.
.###..###
#......#.....#....
..##<...#
#......#.....#....
..##....#
####################
..###...#
#...................
<..##..##
#...................
..>....#
####.##################
...###.# #....# #.....#....


You could see a two-headed ogre and a deep elf pyromancer.

Vanquished Creatures
  A two-headed ogre (D:7)
  The ghost of booth the Basher, a novice GrMo of Wu Jian (D:6)
  3 wyverns
  6 yaks (D:7)
  Eustachio (D:6)
  2 steam dragons
  Edmund (D:6)
  2 water moccasins
  An ice beast (D:7)
  3 sky beasts
  Pargi (Sewer)
  A black bear (D:6)
  2 ogres
  A bullfrog (D:6)
  A brain worm (Sewer)
  3 scorpions
  A howler monkey (D:4)
  A bombardier beetle (D:6)
  A sleepcap (D:7)
  A jelly (D:6)
  3 orc priests
  4 hounds
  3 orc wizards
  9 adders
  A shadow imp (D:7)
  A white imp (D:6)
  2 dart slugs (D:1)
  21 orcs
  5 bats
  5 endoplasms
  8 giant cockroaches
  9 goblins
  5 hobgoblins
  7 kobolds
  3 quokkas
  6 ball pythons
  2 frilled lizards
  5 rats (D:1)
133 creatures vanquished.

Vanquished Creatures (others)
  An orc wizard (D:6)
  A shadow imp (D:7)
2 creatures vanquished.

Grand Total: 135 creatures vanquished

Notes
Turn   | Place    | Note
-------+----------+-------------------------------------------
     0 | D:1      | tizbic2 the Oni Berserker began the quest for the Orb.
     0 | D:1      | Reached XP level 1. HP: 24/24 MP: 1/1
   114 | D:1      | Reached XP level 2. HP: 30/32 MP: 2/2
   320 | D:1      | Reached XP level 3. HP: 35/40 MP: 3/3
   321 | D:1      | Found Ryliy's General Store.
   741 | D:2      | Found Gerpha's Jewellery Emporium.
   802 | D:2      | Reached ** piety under Trog
   860 | D:2      | Gained mutation: You are partially covered in iridescent
                  | scales. (AC +2) [potion of mutation]
   860 | D:2      | Gained mutation: Your mind is acute. (Int +4, Str/Dex -1)
                  | [potion of mutation]
   860 | D:2      | Gained mutation: You are mostly covered in iridescent
                  | scales. (AC +4) [potion of mutation]
  1472 | D:3      | Reached skill level 5 in Fighting
  1472 | D:3      | Reached XP level 4. HP: 50/50 MP: 4/4
  1796 | D:3      | Identified the +0 robe of Icveh {Str+3 Archmagi}
  1902 | D:3      | Reached XP level 5. HP: 57/57 MP: 1/5
  2273 | D:4      | Found a large runed translucent door.
  2273 | D:4      | Found a large runed translucent door.
  2276 | D:4      | Found a large runed translucent door.
  2276 | D:4      | Found a large runed translucent door.
  2277 | D:4      | Noticed a wyvern
  2277 | D:4      | Noticed a steam dragon
  2307 | D:4      | Noticed a wyvern
  2327 | D:4      | Killed a wyvern
  2328 | D:4      | Reached skill level 6 in Fighting
  2328 | D:4      | Reached skill level 5 in Maces & Flails
  2328 | D:4      | Reached XP level 6. HP: 67/67 MP: 2/6
  2344 | D:4      | Identified the +1 buckler "Ruufeiteif" {rF+}
  2368 | D:4      | Killed a wyvern
  2369 | D:4      | Reached XP level 7. HP: 76/76 MP: 2/7
  2373 | D:4      | Killed a steam dragon
  2435 | D:4      | Reached skill level 1 in Staves
  2758 | D:4      | Found a glowing drain.
  2762 | Sewer    | Entered a sewer
  2784 | Sewer    | Reached skill level 7 in Fighting
  2790 | Sewer    | Noticed Pargi
  2798 | Sewer    | Killed Pargi
  2799 | Sewer    | Reached XP level 8. HP: 70/87 MP: 8/8
  3058 | D:4      | Reached skill level 5 in Dodging
  3143 | D:5      | Entered Level 5 of the Dungeon
  3238 | D:5      | Found Natuol's Elemental Accessories.
  3244 | D:5      | Noticed a wyvern
  3249 | D:5      | Killed a wyvern
  3351 | D:5      | Found a shimmering altar of Xom.
  3352 | D:5      | Found a shadowy altar of Dithmenos.
  3354 | D:5      | Found a glowing silver altar of Zin.
  3359 | D:5      | Found a basalt altar of Yredelemnul.
  3359 | D:5      | Found a sparkling altar of Nemelex Xobeh.
  3359 | D:5      | Found a hazy altar of Hepliaklqana.
  3360 | D:5      | Found a white marble altar of Elyvilon.
  3362 | D:5      | Found an iron altar of Okawaru.
  3364 | D:5      | Found an ornate altar of the Wu Jian Council.
  3648 | D:5      | Reached *** piety under Trog
  3993 | D:6      | Found a runed translucent door.
  3999 | D:6      | Noticed booth's ghost (novice GrMo)
  4004 | D:6      | Reached skill level 8 in Fighting
  4014 | D:6      | Killed booth's ghost
  4015 | D:6      | Reached skill level 5 in Staves
  4015 | D:6      | Reached XP level 9. HP: 97/97 MP: 9/9
  4097 | D:6      | Found Ufour's Jewellery Shop.
  4259 | D:6      | Noticed Edmund
  4269 | D:6      | Killed Edmund
  4270 | D:6      | Reached skill level 9 in Fighting
  4357 | D:6      | Noticed Eustachio
  4384 | D:6      | Killed Eustachio
  4834 | D:7      | Found a staircase to the Ecumenical Temple.
  5089 | D:7      | Noticed a two-headed ogre
  5135 | D:7      | Reached **** piety under Trog
  5166 | D:7      | Reached skill level 10 in Fighting
  5166 | D:7      | Reached XP level 10. HP: 105/110 MP: 10/10
  5198 | D:7      | Killed a two-headed ogre
  5210 | D:7      | Noticed a two-headed ogre
  5211 | D:7      | Noticed a deep elf pyromancer
  5220 | D:7      | Killed from afar by a deep elf pyromancer

Illustrated notes

Levels and vault maps discovered:
D:1:      roadster_arrival_rocket_large, layout_basic, serial_shops,
          nicolae_shop_trees, chequers_serial_rivers_room_b, interstate_on_off,
          minivault_27, skrybe_limestone_x
D:2:      layout_basic, serial_shops, shop
D:3:      layout_basic, kennysheep_small_spiral, grunt_ministairs_8,
          st_stairs_8, minmay_between
D:4:      layout_cave_pools, gup_sewer_entry_bowl, minmay_hollow_rounded_squares
D:5:      layout_basic, minitemple, nicolae_elemental_shop
D:6:      layout_gridville, ebering_ghost_sewer_d, serial_shops,
          nicolae_inconvenience_store, corexii_leaking_fountain, uniq_eustachio,
          uniq_edmund
D:7:      kennysheep_windowed_halls, layout_loops_ring,
          minmay_temple_entry_ruins, patterned_corridor

Skill      XL: |  1  2  3  4  5  6  7  8  9 10 |
---------------+-------------------------------+-----
Dodging        | 3 4 5 6 7 |  7.4
Fighting       | 5 6 7 8 10 | 10.6
Maces & Flails | 4 5 6 |  6.1
Staves         | 2 5 8 9 |  9.0

Action                     |  1- 3 |  4- 6 |  7- 9 | 10-12 || total
---------------------------+-------+-------+-------+-------++-------
  Melee: Mace              |   113 |     9 |       |       ||   122
         Headbutt          |     6 |    11 |    23 |     4 ||    44
         Whip              |       |    72 |     4 |       ||    76
         Lajatang          |       |       |   198 |    24 ||   222
  Throw: Dart              |       |     4 |       |       ||     4
 Invoke: Berserk           |     1 |     2 |     1 |     1 ||     5
    Use: Scroll            |     4 |       |     8 |       ||    12
         Potion            |     1 |       |       |       ||     1
 Armour: Animal skin       |    79 |    23 |       |       ||   102
         Robe              |       |    27 |    41 |       ||    68
         Troll leather arm |       |       |   138 |    25 ||   163
  Dodge: Dodged            |    69 |    40 |    93 |     7 ||   209
